 Dungeon Crawl Stone Soup version 0.17-a0-1718-g72dbe4d (webtiles) character file.

231734 ololoev the Scorcher (level 19, -4/151 HPs)
             Began as a Red Draconian Chaos Knight on Aug 21, 2015.
             Was the Champion of Zin.
             Shot with an arrow by a deep elf master archer (47 damage)
             ... on level 3 of the Elven Halls on Aug 24, 2015.
             The game lasted 04:54:52 (65982 turns).

ololoev the Scorcher (Red Draconian Chaos Knight)  Turns: 65982, Time: 04:54:52

Health: -4/151     AC: 21    Str: 19    XL:     19   Next: 15%
Magic:  27/53      EV: 15    Int: 34    God:    Zin [******]
Gold:   1103       SH: 13    Dex: 13    Spells: 3 memorised, 33 levels left

rFire  + . .     SeeInvis +     a - +8 flail of Tender Mercy {venom, Str+3 Int+6}
rCold  + . .     Clarity  .     (armour unavailable)
rNeg   + . .     SustAt   .     P - +1 shield {reflect}
rPois  .         Gourm    .     L - +3 hat of Pondering {ponderous, MR+ MP+10 Int+5}
rElec  +         Spirit   .     E - +2 cloak of the Thief {+Fog Slay-2 SInv Stlth+}
rCorr  .         Warding  +     H - +1 pair of gloves
rMut   .         Stasis   .     o - +2 pair of boots {Fly}
MR     ++...                    m - amulet of the Tick {Ward rElec rC+ rN+ MR- Int+6}
Stlth  +++.......               s - ring of magical power
                                w - ring of protection from magic

@: short of breath, flying, slow, very resistant to hostile enchantments, fairly
stealthy
A: breathe fire, unfitting armour, fire resistance 1, cold-blooded, AC +10
a: Breathe Fire, Donate Gold, Recite, Vitalisation, Imprison, Sanctuary,
Renounce Religion, Evoke Fog, Stop Flying


Innate Abilities, Weirdness & Mutations

You can breathe blasts of fire.
Your fiery red scales are hard (AC +10).
Your body does not fit into most forms of armour.
Your flesh is heat resistant.
You are cold-blooded and may be slowed by cold attacks.

Inventory:

Hand weapons
 a - the +8 flail of Tender Mercy (weapon) {venom, Str+3 Int+6}
   (You found it on level 8 of the Dungeon)

   It poisons the flesh of those it strikes.
   It affects your strength (+3).
   It affects your intelligence (+6).
 b - a +1 blowgun
Missiles
 y - 4 curare-tipped needles
 N - 4 throwing nets (quivered)
Armour
 o - a +2 pair of boots of flying (worn)
 E - the +2 cloak of the Thief (worn) {+Fog Slay-2 SInv Stlth+}
   (You bought it in a shop on level 4 of the Orcish Mines)

   It affects your accuracy and damage with ranged weapons and melee attacks
   (-2).
   It lets you see invisible.
   It can be evoked to emit clouds of fog.
   It makes you more stealthy.
 H - a +1 pair of gloves (worn)
 L - the +3 hat of Pondering (worn) {ponderous, MR+ MP+10 Int+5}
   (You took it off Gastronok on level 8 of the Dungeon)

   It affects your intelligence (+5).
   It affects your resistance to hostile enchantments.
   It affects your magic capacity (+10).
 P - a +1 shield of reflection (worn)
Jewellery
 m - the amulet of the Tick (around neck) {Ward rElec rC+ rN+ MR- Int+6}
   (You bought it in a shop on level 8 of the Dungeon)

   [amulet of warding]

   It may prevent the melee attacks of summoned creatures.
   It affects your intelligence (+6).
   It protects you from cold.
   It insulates you from electricity.
   It protects you from negative energy.
   It affects your resistance to hostile enchantments.
 s - a ring of magical power (right hand)
 w - a ring of protection from magic (left hand)
 B - an uncursed ring of fire
 K - an uncursed ring of poison resistance
 M - a +4 ring of protection
 R - an uncursed ring of teleportation
 S - a cursed -3 ring of evasion {unknown}
Magical devices
 f - a wand of cold (6)
 i - a wand of fireball (4)
 q - a wand of invisibility (6)
 F - a wand of teleportation (3)
 G - a wand of fire (7)
Scrolls
 d - 4 scrolls of recharging
 g - 12 scrolls of remove curse
 p - 3 scrolls of fear
 u - 9 scrolls of amnesia
 x - 4 scrolls of identify
 D - 3 scrolls of summoning
 I - 2 scrolls of fog
 J - 5 scrolls of magic mapping
 O - 4 scrolls of immolation
 Q - a scroll of blinking
Potions
 c - 11 potions of agility
 e - 6 potions of curing
 h - 3 potions of might
 j - a potion of magic
 l - 3 potions of brilliance
 t - a potion of heal wounds
 v - 5 potions of haste
 z - a potion of resistance
 A - a potion of invisibility
 C - 2 potions of cancellation
Miscellaneous
 n - a stone of tremors
Comestibles
 k - 30 royal jellies
 r - 7 bread rations


   Skills:
 + Level 9.1 Fighting
   Level 12.0 Short Blades
 - Level 8.1 Throwing
 - Level 7.8 Dodging
 - Level 3.4 Stealth
 + Level 11.5 Shields
 + Level 11.8 Spellcasting
 * Level 16.2 Conjurations
 - Level 3.5 Translocations
 * Level 18.5 Fire Magic
 - Level 4.0 Earth Magic
 * Level 8.8 Evocations


You had 33 spell levels left.
You knew the following spells:

 Your Spells              Type           Power        Failure   Level  Hunger
a - Bolt of Magma         Conj/Fire/Erth #######...   1%          5    None
b - Apportation           Tloc           #####.....   1%          1    None
c - Blink                 Tloc           N/A          1%          2    None


You were on level 3 of the Elven Halls.
You worshipped Zin.
Zin was exalted by your worship.
You were not hungry.

You visited 7 branches of the dungeon, and saw 37 of its levels.
You visited the Abyss 1 time.
You also visited: Ossuary and Ice Cave.

You collected 5287 gold pieces.
You spent 2258 gold pieces at shops.
You donated 1926 gold pieces to Zin.

##.#########
#######.).##
.'##
#.))))...##
..##
#)########
...# #)#
...# #)#
...# #)#
...# #)#
...# #.#
..## #@# .##
#§# ## #§# #
#e# #§# #§#
#§# ### #e#
..# §..

Notes
Turn   | Place    | Note
--------------------------------------------------------------
     0 | D:1      | ololoev the Draconian Chaos Knight began the quest for the Orb.
     0 | D:1      | Reached XP level 1. HP: 19/19 MP: 1/1
   159 | D:1      | XOM: divination: magic mapping
   193 | D:1      | Reached XP level 2. HP: 24/26 MP: 2/2
   227 | D:1      | XOM: give mutations
   227 | D:1      | Gained mutation: You can translocate small distances at will. [Xom's grace]
   227 | D:1      | Gained mutation: You are somewhat resistant to further mutation. [Xom's grace]
   302 | D:1      | XOM: 1-stop teleportation journey
   434 | D:1      | XOM: 2-stop teleportation journey
   499 | D:1      | Reached skill level 4 in Short Blades
   552 | D:1      | XOM: mild Divn miscast
   602 | D:1      | XOM: medium Pois miscast
   957 | D:2      | Noticed Terence
  1252 | D:2      | Reached XP level 3. HP: 25/31 MP: 3/3
  1282 | D:2      | XOM: give mutations
  1282 | D:2      | Gained mutation: You tend to lose your temper in combat. [Xom's mischief]
  1282 | D:2      | Lost mutation: You can translocate small distances at will. [Xom's mischief]
  1282 | D:2      | Gained mutation: You are resistant to hostile enchantments. [Xom's mischief]
  1287 | D:2      | XOM: colour smoke trail
  1484 | D:2      | Killed Terence
  1484 | D:2      | Reached XP level 4. HP: 32/38 MP: 4/4
  1579 | D:2      | Reached skill level 5 in Short Blades
  1829 | D:2      | XOM: 4-stop teleportation journey
  1830 | D:2      | Noticed Sigmund
  1833 | D:2      | XOM: butterfly on damage
  1837 | D:2      | Killed Sigmund
  1837 | D:2      | Reached skill level 6 in Short Blades
  1837 | D:2      | Reached XP level 5. HP: 31/45 MP: 5/5
  2021 | D:2      | XOM: harmless Trmt miscast
  2040 | D:2      | Noticed Ijyb
  2048 | D:2      | Killed Ijyb
  2385 | D:2      | XOM: mild Tloc miscast
  2728 | D:3      | Reached XP level 6. HP: 31/51 MP: 6/6
  2779 | D:3      | XOM: mild Erth miscast
  3359 | D:3      | XOM: scenery: create altars
  3453 | D:4      | Noticed Eustachio
  3453 | D:4      | XOM: silly message
  3472 | D:4      | Killed Eustachio
  3472 | D:4      | Reached skill level 7 in Short Blades
  3666 | D:4      | Noticed Menkaure
  3715 | D:3      | XOM: vitrification
  3724 | D:4      | XOM: 3-stop teleportation journey
  3733 | D:4      | Your scales start taking on a fiery red colour.
  3733 | D:4      | Gained mutation: Your flesh is heat resistant. [Red Draconian growth]
  3733 | D:4      | Reached XP level 7. HP: 24/57 MP: 7/7
  3774 | D:4      | XOM: 8-stop teleportation journey
  3789 | D:4      | XOM: stat loss: -1 Str (14/15)
  3961 | D:4      | XOM: severe Chrm miscast
  4021 | D:4      | Noticed Natasha
  4023 | D:4      | Killed Natasha
  4031 | D:4      | XOM: stat loss: -1 Dex (11/12)
  4180 | D:4      | XOM: chaos upgrade
  4182 | D:4      | XOM: destruction
  4284 | D:4      | XOM: summons 5 hostile shadow creatures
  4404 | D:4      | Killed Menkaure
  4404 | D:4      | Reached skill level 8 in Short Blades
  4499 | D:4      | XOM: harmless Necr miscast
  4584 | D:4      | XOM: chaos upgrade
  4626 | D:4      | Found Luostrax's Antique Weapon Shop.
  4634 | D:4      | Bought a runed rapier for 96 gold pieces
  4867 | D:5      | Entered Level 5 of the Dungeon
  4954 | D:5      | Found Oseux's Assorted Antiques.
  4958 | D:5      | Bought a puce potion for 27 gold pieces
  4958 | D:5      | Bought a cyan potion for 27 gold pieces
  5020 | D:5      | XOM: cast spell 'Statue Form'
  5025 | D:5      | XOM: polymorph crimson imp -> shadow imp
  5188 | D:5      | Reached XP level 8. HP: 63/63 MP: 8/8
  5379 | D:5      | Found a bloodstained altar of Trog.
  5404 | D:5      | XOM: harmless Hex miscast
  5487 | D:5      | Found a runed door.
  5535 | D:5      | Found a runed door.
  5535 | D:5      | XOM: divine lightning (protected)
  5540 | D:5      | XOM: smoke on damage
  5633 | D:5      | XOM: noise
  6109 | D:6      | Found a sand-covered staircase.
  6127 | Ossuary  | Entered an ossuary
  6165 | Ossuary  | XOM: 8-stop teleportation journey
  6176 | Ossuary  | Noticed braks's ghost (average OpAr)
  6180 | Ossuary  | XOM: summons friendly blue devil
  6182 | Ossuary  | Killed braks's ghost
  6182 | Ossuary  | Reached skill level 9 in Short Blades
  6182 | Ossuary  | Reached skill level 5 in Throwing
  6270 | Ossuary  | HP: 3/63 [poisoned by a scorpion]
  6275 | Ossuary  | HP: 2/63 [poisoned by a scorpion]
  6283 | Ossuary  | HP: 2/63 [poisoned by a scorpion]
  6291 | Ossuary  | HP: 1/63 [poisoned by a scorpion]
  6690 | Ossuary  | XOM: smoke on damage
  6699 | Ossuary  | Reached XP level 9. HP: 63/70 MP: 9/9
  6791 | Ossuary  | XOM: god gift: leatherbound book {god gift}
  7310 | D:6      | Found Sieg's Gadget Shoppe.
  7327 | D:6      | Noticed Nanako's ghost (average FeVM)
  7337 | D:6      | Killed Nanako's ghost
  7337 | D:6      | Reached skill level 5 in Dodging
  7427 | D:6      | XOM: enchant monster (good)
  7456 | D:6      | XOM: cast spell 'Discord'
  7477 | D:5      | XOM: vitrification
  7714 | D:6      | Found a staircase to the Ecumenical Temple.
  7730 | Temple   | Entered the Ecumenical Temple
  7807 | Temple   | XOM: harmless Pois miscast
  7900 | D:4      | Bought a glowing dagger for 48 gold pieces
  7933 | D:4      | Noticed Natasha
  7940 | D:4      | Killed Natasha
  7969 | D:4      | Noticed Natasha
  7977 | D:4      | Killed Natasha
  8267 | D:6      | XOM: mild Pois miscast
  8276 | D:6      | XOM: summons friendly quasit
  8357 | D:6      | XOM: divination: detect creatures
  8362 | D:6      | XOM: medium Hex miscast
  8532 | D:6      | XOM: vitrification
  8591 | D:6      | XOM: god gift: plate armour {god gift}
  8667 | D:7      | Reached skill level 10 in Short Blades
  8685 | D:7      | XOM: summons friendly crimson imp
  8945 | D:7      | Reached skill level 1 in Shields
  8948 | D:7      | XOM: 2-stop teleportation journey
  9086 | D:7      | Reached skill level 1 in Spellcasting
  9164 | D:7      | XOM: medium Divn miscast
  9399 | D:7      | Found a snail-covered altar of Cheibriados.
  9446 | D:8      | Noticed Gastronok
  9453 | D:8      | XOM: 1-stop teleportation journey
  9454 | D:8      | Noticed Maurice
  9480 | D:8      | XOM: silly message
  9483 | D:8      | Killed Maurice
  9530 | D:8      | XOM: colour smoke trail
  9618 | D:8      | Reached XP level 10. HP: 77/77 MP: 13/13
  9621 | D:8      | XOM: divination: detect items
  9765 | D:8      | XOM: harmless Necr miscast
  9769 | D:8      | Noticed Erolcha
  9811 | D:8      | Killed Erolcha
  9886 | D:8      | XOM: scenery: create altars
  9900 | D:8      | XOM: summons 10 friendly demons
  9941 | D:8      | XOM: confusion
  9942 | D:8      | XOM: summons 10 friendly demons
  9945 | D:8      | Killed Gastronok
 10022 | D:8      | XOM: summons 6 friendly demons
 10038 | D:8      | Noticed Pikel
 10060 | D:8      | Killed Pikel
 10155 | D:8      | XOM: mild Trmt miscast
 10174 | D:8      | XOM is BORED!
 10174 | D:8      | XOM: mild Ice miscast
 10385 | D:8      | Found Orcher's Jewellery Shop.
 10517 | D:9      | Found Kikaysa's Food Boutique.
 10557 | D:9      | Found a sacrificial altar of Ru.
 10636 | D:9      | Reached skill level 5 in Shields
 10718 | D:9      | XOM: vitrification
 10769 | D:9      | XOM: swap monsters
 10831 | D:9      | XOM: 3-stop teleportation journey
 10881 | D:9      | Noticed Uberwunderbarhen's ghost (experienced OpFi)
 10885 | D:9      | XOM: enchant monster (good)
 10905 | D:9      | XOM: 2-stop teleportation journey
 11109 | D:9      | XOM: cast spell 'Summon Swarm'
 11185 | D:9      | XOM: scenery: 1 doors open
 11236 | D:9      | XOM: god gift: 760 gold pieces
 11271 | D:9      | Reached skill level 1 in Stealth
 11296 | D:9      | XOM: give mutations
 11296 | D:9      | Gained mutation: You have a pair of small horns on your head. [Xom's grace]
 11296 | D:9      | Gained mutation: You passively map a small area around you. [Xom's grace]
 11440 | D:9      | XOM: confuse monster(s)
 11444 | D:9      | XOM: summons friendly crimson imp
 11473 | D:9      | Killed Uberwunderbarhen's ghost
 11473 | D:9      | Reached XP level 11. HP: 75/82 MP: 16/18
 11661 | D:9      | XOM: medium Tloc miscast
 11857 | D:9      | XOM: scenery: 1 doors open
 11937 | D:9      | XOM: god gift: paperback book {god gift}
 12010 | D:10     | Entered Level 10 of the Dungeon
 12212 | D:10     | XOM: 6-stop teleportation journey
 12218 | D:10     | XOM: polymorph sky beast -> crocodile
 12283 | D:10     | XOM: enchant monster (good)
 12439 | D:10     | XOM: divination: detect creatures
 12632 | D:10     | XOM: 5-stop teleportation journey
 12901 | D:10     | XOM: noise
 12924 | D:10     | XOM: harmless Summ miscast
 12965 | D:10     | Killed an unseen horror
 13242 | D:10     | XOM: destruction
 13264 | D:10     | XOM: colour smoke trail
 13483 | D:11     | XOM: medium Hex miscast
 13496 | D:11     | XOM: divination: detect items
 13534 | D:11     | Reached skill level 5 in Spellcasting
 13575 | D:11     | XOM: silly message
 13838 | D:11     | Learned a level 5 spell: Bolt of Magma
 13917 | D:11     | XOM: god gift: embroidered hat {god gift}
 14191 | D:11     | XOM: give mutation
 14191 | D:11     | Gained mutation: Your flesh is cold resistant. [Xom's grace]
 14212 | D:11     | Reached skill level 1 in Conjurations
 14483 | D:11     | XOM: 1-stop teleportation journey
 14490 | D:11     | XOM: scenery: 1 doors close
 14553 | D:11     | Reached skill level 1 in Fire Magic
 14618 | D:11     | XOM: summons 4 friendly demons
 14622 | D:11     | Reached skill level 1 in Earth Magic
 14650 | D:11     | Noticed a hill giant
 14650 | D:11     | XOM: destruction
 14671 | D:11     | Killed a hill giant
 14693 | D:11     | XOM: give mutations
 14693 | D:11     | Gained mutation: You are highly resistant to hostile enchantments. [Xom's grace]
 14693 | D:11     | Gained mutation: Your system is resistant to poisons. [Xom's grace]
 14944 | D:11     | Found a staircase to the Lair.
 15232 | D:12     | XOM: stealth player
 15338 | D:12     | Noticed Harold
 15349 | D:12     | XOM: confusion
 15380 | D:12     | Killed Harold
 15757 | D:12     | XOM: medium Necr miscast
 15932 | D:12     | XOM: harmless Ice miscast
 16001 | D:12     | XOM: harmless Hex miscast
 16060 | D:12     | Found a staircase to the Orcish Mines.
 16198 | D:12     | XOM: cast spell 'Summon Horrible Things'
 16545 | Orc:1    | Entered Level 1 of the Orcish Mines
 16564 | Orc:1    | Found Nuarcheg's Book Shop.
 16968 | Orc:2    | Noticed bohran's ghost (powerful GrEE)
 16992 | Orc:2    | Killed bohran's ghost
 16992 | Orc:2    | Reached skill level 5 in Fire Magic
 17109 | Orc:1    | XOM: confusion
 17351 | Orc:1    | Found a roughly hewn altar of Beogh.
 17715 | Orc:2    | XOM: polymorph orc -> worker ant
 17721 | Orc:2    | XOM: enchant monster (good)
 17842 | Orc:3    | Found a staircase to the Elven Halls.
 17842 | Orc:3    | Found a burning altar of Makhleb.
 17842 | Orc:3    | XOM: 2-stop teleportation journey
 17850 | Orc:3    | Reached XP level 12. HP: 84/91 MP: 20/20
 17881 | Orc:3    | XOM: enchant monster (good)
 17988 | Orc:3    | XOM: fake destruction
 18001 | Orc:3    | XOM: summons 12 friendly demons
 18003 | Orc:3    | Reached skill level 5 in Conjurations
 18363 | Orc:3    | XOM: confuse monster(s)
 18478 | Orc:3    | XOM: destruction
 18479 | Orc:3    | XOM: give mutation
 18479 | Orc:3    | Gained mutation: Your large and strong wings let you fly indefinitely. [Xom's grace]
 18776 | Orc:3    | XOM is BORED!
 18776 | Orc:3    | XOM: summons 6 hostile demons
 18871 | Orc:3    | Found a roughly hewn altar of Beogh.
 18879 | Orc:3    | XOM: polymorph orc priest -> adder
 18965 | Orc:3    | Found a roughly hewn altar of Beogh.
 19307 | Orc:3    | XOM: polymorph orc -> quokka
 19570 | Lair:1   | Entered Level 1 of the Lair of Beasts
 19778 | D:9      | XOM: vitrification
 19824 | D:8      | Bought the amulet of the Tick {Ward rElec rC+ rN+ MR- Int+6} for 666 gold pieces
 20174 | Lair:1   | XOM: mild Summ miscast
 20397 | Lair:1   | XOM: colour smoke trail
 20686 | Lair:1   | XOM: summons friendly ufetubus
 20715 | Lair:1   | XOM: noise
 20720 | Lair:1   | XOM: enchant monster (bad)
 20724 | Lair:1   | XOM: confuse monster(s)
 20919 | Lair:1   | XOM: silly message
 20991 | Lair:1   | XOM: divination: detect creatures
 21010 | Lair:1   | XOM: noise
 21012 | Lair:1   | XOM: divination: magic mapping
 21127 | Lair:1   | Noticed a seven-headed hydra
 21127 | Lair:1   | XOM: cast spell 'Summon Butterflies'
 21128 | Lair:1   | XOM: confuse monster(s)
 21143 | Lair:1   | XOM: confuse monster(s)
 21167 | Lair:1   | Killed a seven-headed hydra
 21338 | Lair:1   | XOM: mild Hex miscast
 21591 | Lair:1   | XOM: divination: detect creatures
 21735 | Lair:2   | XOM: colour smoke trail
 21804 | Lair:2   | XOM is BORED!
 21804 | Lair:2   | XOM: blink monster(s)
 21933 | Lair:2   | XOM: silly message
 22177 | Lair:2   | XOM: potion effect (magic)
 22187 | Lair:2   | XOM: confusion
 22193 | Lair:2   | XOM: confuse monster(s)
 22897 | Lair:3   | XOM is BORED!
 22897 | Lair:3   | XOM: mild Fire miscast
 22927 | Lair:3   | XOM: enchant monster (bad)
 22987 | Lair:3   | XOM: noise
 23140 | Lair:3   | Noticed Sonja
 23173 | Lair:3   | Killed Sonja
 23302 | Lair:3   | XOM: divination: detect creatures
 23314 | Lair:3   | XOM: divination: magic mapping
 23610 | Lair:3   | XOM: harmless Divn miscast
 23707 | Lair:3   | XOM is BORED!
 23707 | Lair:3   | XOM: medium Fire miscast
 23941 | Lair:3   | Reached XP level 13. HP: 74/96 MP: 18/23
 24046 | Lair:3   | XOM: cast spell 'Summon Butterflies'
 24119 | Lair:3   | XOM: mild Conj miscast
 24353 | Lair:3   | Reached skill level 10 in Fire Magic
 24577 | Lair:3   | XOM: silly message
 24638 | Lair:3   | XOM: colour smoke trail
 24689 | Lair:3   | XOM is BORED!
 24689 | Lair:3   | XOM: noise
 25328 | Lair:3   | XOM: colour smoke trail
 25576 | Lair:4   | XOM: summons friendly shadow imp
 25783 | Lair:4   | XOM is BORED!
 25783 | Lair:4   | XOM: medium Tloc miscast
 25862 | Lair:4   | Learned a level 1 spell: Apportation
 25921 | Lair:4   | Found a staircase to the Snake Pit.
 25921 | Lair:4   | XOM: 2-stop teleportation journey
 26079 | Lair:4   | XOM: divination: magic mapping
 26085 | Lair:4   | XOM: summons 6 friendly demons
 26089 | Lair:4   | Reached skill level 11 in Fire Magic
 26095 | Lair:4   | XOM: silly message
 26321 | Lair:4   | XOM: cast spell 'Monstrous Menagerie'
 26328 | Lair:4   | Noticed Rupert
 26337 | Lair:4   | XOM: butterfly on damage
 26338 | Lair:4   | XOM: potion effect (agility)
 26342 | Lair:4   | Killed Rupert
 26504 | Lair:4   | XOM: medium Tloc miscast
 26803 | Lair:4   | XOM: harmless Tloc miscast
 27036 | Lair:4   | XOM: colour smoke trail
 27060 | Lair:5   | XOM: torment (54/96 hp)
 27281 | Lair:5   | XOM: blink monster(s)
 27377 | Lair:5   | XOM: 7-stop teleportation journey
 27385 | Lair:5   | XOM: summons 5 hostile shadow creatures
 27395 | Lair:5   | XOM: mild Ice miscast
 27685 | Lair:5   | XOM: mild Fire miscast
 27872 | Lair:5   | XOM: blink monster(s)
 27895 | Lair:5   | Found a staircase to the Swamp.
 27895 | Lair:5   | Reached skill level 10 in Conjurations
 27897 | Lair:5   | XOM: 1-stop teleportation journey
 27900 | Lair:5   | XOM: confusion
 27919 | Lair:5   | XOM: enchant monster (bad)
 28002 | Lair:5   | XOM: give mutations
 28002 | Lair:5   | Gained mutation: You are frail (-10% HP). [Xom's mischief]
 28002 | Lair:5   | Lost mutation: You passively map a small area around you. [Xom's mischief]
 28002 | Lair:5   | Lost mutation: You tend to lose your temper in combat. [Xom's mischief]
 28200 | Lair:5   | XOM: colour smoke trail
 28291 | Lair:5   | Reached skill level 12 in Fire Magic
 28496 | Lair:2   | XOM: give mutation
 28496 | Lair:2   | Gained mutation: Your skin changes colour to match your surroundings (Stealth). [Xom's mischief]
 28497 | Lair:2   | XOM: give mutation
 28497 | Lair:2   | Gained mutation: You have a pair of horns on your head. [Xom's mischief]
 28877 | D:4      | XOM: mild Necr miscast
 29464 | Lair:6   | XOM: 9-stop teleportation journey
 29648 | Lair:6   | XOM: mild Erth miscast
 29713 | Lair:6   | XOM: god gift: meat ration
 29720 | Lair:6   | XOM: noise
 29937 | Lair:6   | XOM: destruction
 30104 | Lair:6   | XOM: vitrification
 30161 | Lair:6   | XOM: god gift: legendary deck of cards {god gift}
 30191 | Lair:6   | XOM is BORED!
 30191 | Lair:6   | XOM: medium Conj miscast
 30509 | Lair:6   | XOM: give mutations
 30509 | Lair:6   | Gained mutation: You are clumsy. (Dex -2) [Xom's mischief]
 30509 | Lair:6   | Lost mutation: Your large and strong wings let you fly indefinitely. [Xom's mischief]
 30509 | Lair:6   | Gained mutation: You occasionally shout uncontrollably at your foes. [Xom's mischief]
 30509 | Lair:6   | Lost mutation: Your system is resistant to poisons. [Xom's mischief]
 30599 | Lair:7   | XOM: enchant monster (bad)
 30696 | Lair:6   | XOM: scenery: create altars
 30717 | Lair:6   | XOM: colour smoke trail
 30784 | Lair:6   | Reached XP level 14. HP: 67/93 MP: 26/26
 30875 | Lair:6   | XOM: cast spell 'Summon Butterflies'
 30975 | Lair:7   | Noticed Medar's ghost (powerful DgTm)
 30979 | Lair:7   | XOM: divination: magic mapping
 31012 | Lair:7   | Killed Medar's ghost
 31271 | Lair:6   | XOM: cast spell 'Ice Form'
 31342 | Lair:7   | Found a staircase to the Slime Pits.
 31362 | Lair:7   | XOM: potion effect (berserk rage)
 31487 | Lair:7   | Noticed Josephine
 31488 | Lair:7   | XOM: noise
 31498 | Lair:7   | Killed Josephine
 31504 | Lair:7   | Lost mutation: You are frail (-10% HP). [potion of mutation]
 31504 | Lair:7   | Gained mutation: Your mind is acute. (Int +2) [potion of mutation]
 31542 | Lair:7   | XOM: 4-stop teleportation journey
 31711 | Lair:7   | Lost mutation: Your flesh is cold resistant. [potion of cure mutation]
 31711 | Lair:7   | Lost mutation: Your skin changes colour to match your surroundings (Stealth). [potion of cure mutation]
 31711 | Lair:7   | Lost mutation: You are somewhat resistant to further mutation. [potion of cure mutation]
 31711 | Lair:7   | Lost mutation: Your mind is acute. (Int +2) [potion of cure mutation]
 31711 | Lair:7   | Lost mutation: You are highly resistant to hostile enchantments. [potion of cure mutation]
 31818 | Lair:7   | XOM: 1-stop teleportation journey
 31886 | Lair:7   | XOM: 2-stop teleportation journey
 31964 | Lair:7   | XOM: divination: detect creatures
 32288 | Lair:7   | XOM: 5-stop teleportation journey
 32308 | Lair:7   | XOM: confuse monster(s)
 32379 | Lair:7   | XOM: god gift: 12 royal jellies
 32403 | Lair:7   | XOM: polymorph yak -> golden eye
 32412 | Lair:7   | XOM: noise
 32415 | Lair:7   | XOM: enchant monster (good)
 32443 | Lair:7   | XOM: harmless Necr miscast
 32943 | Lair:7   | XOM: divination: detect creatures
 33034 | Lair:8   | XOM: stealth player
 33034 | Lair:8   | Entered Level 8 of the Lair of Beasts
 33037 | Lair:8   | Found a frozen archway.
 33085 | IceCv    | Entered an ice cave
 33096 | IceCv    | Reached skill level 13 in Fire Magic
 33238 | IceCv    | XOM: smoke on damage
 33257 | IceCv    | XOM: 1-stop teleportation journey
 33582 | IceCv    | XOM: destruction
 33677 | IceCv    | XOM: god gift: 20 gold pieces
 33785 | IceCv    | XOM: divination: magic mapping
 33786 | IceCv    | XOM: polymorph white draconian -> death yak
 33794 | IceCv    | XOM: god gift: vibrating lapis lazuli ring {god gift}
 33795 | IceCv    | Got a vibrating lapis lazuli ring {god gift}
 33816 | IceCv    | XOM: destruction
 33898 | IceCv    | XOM: divination: detect items
 34017 | IceCv    | Identified Sif Muna's Almanac of Snow and Combat Magic
 34031 | IceCv    | XOM: noise
 34287 | IceCv    | XOM: silly message
 34348 | IceCv    | XOM: scenery: create altars
 34629 | Lair:8   | Identified the ring "Joharuin" {rF++ rN+ Dex+2} (Xom gifted it to you in an ice cave)
 34683 | Lair:8   | XOM: god gift: 21 gold pieces
 35006 | Lair:8   | XOM: vitrification
 35063 | Lair:8   | XOM: confuse monster(s)
 35065 | Lair:8   | XOM: polymorph water moccasin -> tengu
 35216 | Lair:8   | XOM: silly message
 35308 | Lair:8   | Noticed an azure jelly
 35308 | Lair:8   | a death yak changed into an azure jelly
 35308 | Lair:8   | XOM: polymorph death yak -> azure jelly
 35311 | Lair:8   | Killed an azure jelly
 35314 | Lair:8   | XOM: swap monsters
 35325 | Lair:8   | XOM: potion effect (agility)
 35404 | Lair:8   | XOM: medium Air miscast
 35940 | Lair:8   | XOM: scenery: 1 doors open
 35941 | Lair:8   | XOM: god gift: pair of glowing boots {god gift}
 35974 | Lair:8   | XOM: enchant monster (good)
 36022 | Lair:8   | XOM: god gift: knobbly sapphire ring {god gift}
 36056 | Lair:8   | Reached XP level 15. HP: 107/110 MP: 22/28
 36198 | Lair:8   | XOM: give mutation
 36198 | Lair:8   | Gained mutation: You are resistant to electric shocks. [Xom's grace]
 36412 | Lair:8   | XOM: god gift: 12 royal jellies
 36447 | Lair:8   | Found a burning altar of Makhleb.
 36457 | Lair:8   | XOM: swap monsters
 36471 | Lair:8   | Reached skill level 14 in Fire Magic
 36567 | Lair:8   | XOM: fog
 36591 | Lair:8   | XOM: polymorph orange demon -> sixfirhy
 36628 | Lair:8   | XOM: medium Chrm miscast
 36862 | Lair:8   | XOM: draining
 36910 | Lair:8   | XOM: confusion (+ monsters)
 37017 | Lair:8   | XOM: 10-stop teleportation journey
 37303 | Lair:8   | XOM: silly message
 37304 | Lair:8   | XOM: medium Air miscast
 37374 | Lair:8   | Found a gateway to Hell.
 37387 | Lair:8   | XOM: medium Pois miscast
 37412 | Lair:8   | XOM: mild Hex miscast
 37484 | Lair:8   | XOM: summons 3 hostile shadow creatures
 37508 | Lair:8   | XOM: harmless Tloc miscast
 38129 | D:13     | XOM: mild Chrm miscast
 38150 | D:13     | Lost mutation: You have a pair of horns on your head. [mutagenic meat]
 38274 | D:13     | Gained mutation: You have supernaturally acute eyesight. [potion of mutation]
 38274 | D:13     | Gained mutation: Your natural rate of healing is unusually fast. [potion of mutation]
 38274 | D:13     | Lost mutation: You are resistant to electric shocks. [potion of mutation]
 38604 | D:14     | XOM: butterfly on damage
 38798 | D:14     | XOM: harmless Conj miscast
 38847 | D:14     | XOM: give mutations
 38847 | D:14     | Lost mutation: Your natural rate of healing is unusually fast. [Xom's mischief]
 38847 | D:14     | Lost mutation: You have supernaturally acute eyesight. [Xom's mischief]
 38931 | D:14     | XOM: cast spell 'Summon Swarm'
 38932 | D:14     | XOM: enchant monster (bad)
 39157 | D:14     | XOM: 7-stop teleportation journey
 39261 | D:14     | XOM: smoke on damage
 39278 | D:14     | XOM: potion effect (might)
 39531 | D:14     | XOM: give mutation
 39531 | D:14     | Gained mutation: Your muscles are strong. (Str +2) [Xom's mischief]
 39536 | D:14     | XOM: blink monster(s)
 39548 | D:14     | XOM: 4-stop teleportation journey
 39571 | D:14     | Got a smoking hand axe
 39572 | D:14     | Identified the +4 hand axe of Wrongful Imprisonment {holy, rPois rC+ rN+ Int-4} (You took it off a deep elf mage on level 14 of the Dungeon)
 39771 | D:14     | XOM: vitrification
 40022 | D:14     | Found a gate to the Vaults.
 40095 | D:14     | XOM: harmless Conj miscast
 40181 | D:14     | XOM: scenery: 2 doors close
 40232 | D:15     | Entered Level 15 of the Dungeon
 40310 | D:15     | Found Ogiempet's Weapon Boutique.
 40361 | D:15     | Found Hoehain's Magic Scroll Shop.
 40374 | D:15     | XOM: medium Hex miscast
 40389 | D:15     | XOM: colour smoke trail
 40644 | D:15     | Found Unodaibu's Magic Scroll Emporium.
 40665 | D:15     | Bought a scroll of silence for 127 gold pieces
 40682 | D:15     | Noticed Urug
 40693 | D:15     | Killed Urug
 41071 | D:15     | Noticed Azrael
 41095 | D:15     | XOM: mild Trmt miscast
 41096 | D:15     | XOM: potion effect (haste)
 41102 | D:14     | XOM: mild Ice miscast
 41130 | D:14     | XOM: divination: detect creatures
 41469 | D:15     | XOM: potion effect (berserk rage)
 41476 | D:15     | XOM: vitrification
 41486 | D:15     | Killed Azrael
 41491 | D:15     | XOM: enchant monster (bad)
 41698 | D:15     | Got a blackened dagger
 41699 | D:15     | Identified the +7 dagger "Gakhlof" {speed, *Confuse rPois Int+3 SInv} (You found it on level 15 of the Dungeon)
 41730 | D:15     | Reached skill level 10 in Spellcasting
 41971 | D:15     | XOM: harmless Chrm miscast
 41973 | D:15     | Found a staircase to the Depths.
 41977 | D:15     | Reached skill level 15 in Fire Magic
 42072 | D:15     | XOM: harmless Divn miscast
 42190 | D:15     | XOM: god gift: falchion {god gift}
 42228 | D:15     | XOM: vitrification
 42539 | D:15     | XOM: noise
 42904 | Swamp:1  | Entered Level 1 of the Swamp
 43225 | Swamp:1  | Lost mutation: Your muscles are strong. (Str +2) [potion of cure mutation]
 43225 | Swamp:1  | Lost mutation: You have a pair of small horns on your head. [potion of cure mutation]
 43225 | Swamp:1  | Lost mutation: You occasionally shout uncontrollably at your foes. [potion of cure mutation]
 43225 | Swamp:1  | Lost mutation: You are resistant to hostile enchantments. [potion of cure mutation]
 43310 | Swamp:1  | XOM: divination: magic mapping
 43385 | Swamp:1  | Learned a level 2 spell: Blink
 43945 | Swamp:2  | Reached XP level 16. HP: 115/117 MP: 30/30
 43946 | Swamp:2  | XOM: polymorph spriggan -> polar bear
 43984 | Swamp:2  | XOM: divination: detect items
 44133 | Swamp:2  | Identified the Incunabulum of Aerial Battle Magic
 44192 | Swamp:2  | XOM: noise
 44225 | Swamp:2  | XOM: 1-stop teleportation journey
 44290 | Swamp:2  | Noticed Aizul
 44293 | Swamp:2  | XOM: fog
 44301 | Swamp:2  | XOM: swap monsters
 44709 | Swamp:2  | XOM: fog
 44786 | Swamp:2  | Reached skill level 1 in Translocations
 44968 | Swamp:2  | XOM: summons friendly shadow imp
 45061 | Swamp:2  | XOM: harmless Tloc miscast
 45276 | Swamp:2  | XOM is BORED!
 45276 | Swamp:2  | XOM: silly message
 45426 | Swamp:3  | Noticed Donald
 45965 | Swamp:3  | Upgraded the game from 0.17-a0-1701-gf693a3f to 0.17-a0-1718-g72dbe4d
 46177 | Swamp:3  | XOM: potion effect (curing)
 46324 | Swamp:3  | Killed Aizul
 46470 | Swamp:3  | XOM: cast spell 'Summon Small Mammal'
 46517 | Swamp:3  | XOM: summons friendly shadow imp
 46601 | Swamp:3  | XOM: harmless Trmt miscast
 46641 | Swamp:3  | XOM: noise
 46653 | Swamp:3  | Killed Donald
 46865 | Swamp:3  | XOM: mild Pois miscast
 46886 | Swamp:3  | Reached skill level 5 in Fighting
 47584 | Swamp:2  | XOM: confuse monster(s)
 47939 | Orc:4    | Entered Level 4 of the Orcish Mines
 47993 | Orc:4    | Noticed Saint Roka
 48303 | Orc:4    | Killed Saint Roka
 48679 | Orc:4    | Found a roughly hewn altar of Beogh.
 48713 | Orc:4    | Found a roughly hewn altar of Beogh.
 48777 | Orc:4    | Found a roughly hewn altar of Beogh.
 48780 | Orc:4    | Found Zonofobe's Gadget Boutique.
 49028 | Orc:4    | Found a roughly hewn altar of Beogh.
 49125 | Orc:4    | Found Pakiwohuet's Antique Armour Shoppe.
 49126 | Orc:4    | Found a roughly hewn altar of Beogh.
 49138 | Orc:4    | Found Voxkumn's Antique Weapon Emporium.
 49174 | Orc:4    | Bought the +2 cloak of the Thief {+Fog Slay-2 SInv Stlth+} for 1267 gold pieces
 49261 | Orc:4    | XOM: harmless Erth miscast
 49316 | Orc:4    | Found a roughly hewn altar of Beogh.
 49342 | Orc:4    | XOM: polymorph orc priest -> jelly
 49439 | Orc:4    | Found Zioluamo's Armour Emporium.
 50076 | Temple   | Fell from the grace of Xom
 50076 | Temple   | Became a worshipper of Zin the Law-Giver
 50076 | Temple   | Acquired Zin's first power
 50076 | Temple   | Acquired Zin's second power
 50077 | Temple   | Donated 856 gold pieces to Zin
 50078 | Temple   | Donated 428 gold pieces to Zin
 50079 | Temple   | Donated 214 gold pieces to Zin
 50080 | Temple   | Donated 107 gold pieces to Zin
 50081 | Temple   | Donated 54 gold pieces to Zin
 50082 | Temple   | Donated 27 gold pieces to Zin
 50083 | Temple   | Donated 13 gold pieces to Zin
 50087 | Temple   | Cast into the Abyss (a distortion unwield)
 50105 | Abyss:1  | Acquired Zin's third power
 50141 | Abyss:1  | XOM: cast spell 'Summon Butterflies'
 50394 | Abyss:2  | Found a corrupted altar of Lugonu.
 50525 | Abyss:2  | Noticed a tentacled starspawn
 50529 | Abyss:2  | Killed a tentacled starspawn
 50529 | Abyss:2  | Reached skill level 16 in Fire Magic
 50529 | Abyss:2  | Reached skill level 1 in Evocations
 50537 | Abyss:2  | Acquired Zin's fourth power
 50678 | Abyss:2  | Found a corrupted altar of Lugonu.
 50856 | Abyss:2  | Noticed a bone dragon
 50872 | Abyss:2  | Noticed a tentacled starspawn
 50878 | Abyss:2  | Killed a tentacled starspawn
 50988 | Abyss:2  | Noticed a tentacled starspawn
 50999 | Abyss:2  | Killed a tentacled starspawn
 51310 | Abyss:2  | XOM: medium Hex miscast
 51315 | Abyss:2  | Gained mutation: You are occasionally teleported to nearby monsters. [a neqoxec]
 51384 | Abyss:2  | XOM: medium Erth miscast
 51410 | Abyss:2  | Noticed a lich
 51418 | Abyss:2  | Killed a lich
 51418 | Abyss:2  | Reached XP level 17. HP: 74/128 MP: 5/31
 51426 | Abyss:2  | Noticed a tentacled starspawn
 51455 | Abyss:2  | Killed a tentacled starspawn
 51455 | Abyss:2  | Reached skill level 10 in Shields
 51868 | Abyss:2  | Found a corrupted altar of Lugonu.
 51966 | Abyss:3  | Noticed a bone dragon
 51971 | Abyss:3  | XOM: mild Divn miscast
 52153 | Abyss:3  | Noticed a bone dragon
 52171 | Temple   | Escaped the Abyss
 52981 | Snake:1  | Entered Level 1 of the Snake Pit
 53186 | Snake:1  | XOM: mild Hex miscast
 54369 | Snake:2  | Noticed Louise
 54836 | Snake:2  | Reached skill level 5 in Evocations
 55336 | Snake:1  | XOM: noise
 55918 | Snake:2  | XOM: noise
 55957 | Snake:2  | Killed Louise
 55957 | Snake:2  | Reached skill level 15 in Conjurations
 56290 | Snake:2  | Reached skill level 17 in Fire Magic
 57643 | Snake:3  | Found a runed door.
 57671 | Snake:3  | XOM: mild Fire miscast
 57882 | Snake:3  | XOM: mild Chrm miscast
 58506 | Snake:3  | Reached XP level 18. HP: 129/140 MP: 7/33
 58817 | Snake:3  | XOM: summons 1 hostile demon
 60354 | Elf:1    | XOM: noise
 60354 | Elf:1    | Entered Level 1 of the Elven Halls
 60751 | Elf:1    | Identified the Reference Book on Black Arts
 61328 | Elf:1    | XOM: give mutations
 61328 | Elf:1    | Gained mutation: You are very clumsy. (Dex -4) [Xom's mischief]
 62130 | Elf:1    | XOM: give mutation
 62130 | Elf:1    | XOM: summons 4 hostile shadow creatures
 62540 | Elf:1    | XOM: enchant monster (bad)
 62921 | D:11     | Got a steaming short sword
 62922 | D:11     | Identified the cursed +0 short sword of Tipnul {flame, Dex+3} (You found it on level 11 of the Dungeon)
 63117 | D:8      | Got a dazzling flail
 63118 | D:8      | Identified the +8 flail of Tender Mercy {venom, Str+3 Int+6} (You found it on level 8 of the Dungeon)
 63470 | Elf:1    | Reached skill level 18 in Fire Magic
 63801 | Elf:2    | Found a runed gate.
 63801 | Elf:2    | Found a runed gate.
 63801 | Elf:2    | Found a runed gate.
 64013 | Elf:2    | XOM: noise
 64309 | Elf:2    | Received a gift from Zin
 64309 | Elf:2    | Lost mutation: You are very clumsy. (Dex -4) [Zin's power]
 64309 | Elf:2    | Lost mutation: You are clumsy. (Dex -2) [Zin's power]
 64309 | Elf:2    | Lost mutation: You are occasionally teleported to nearby monsters. [Zin's power]
 64326 | Elf:3    | Entered Level 3 of the Elven Halls
 64505 | Elf:3    | Found a portal to a secret trove of treasure.
 64538 | Elf:3    | XOM: god gift: 7 javelins of penetration
 65253 | Elf:3    | XOM: severe Fire miscast
 65495 | Elf:3    | XOM: noise
 65526 | Elf:3    | Reached XP level 19. HP: 127/149 MP: 34/34
 65982 | Elf:3    | Shot with an arrow by a deep elf master archer

Dungeon Overview and Level Annotations

Branches:
Dungeon (15/15)            Temple (1/1) D:6            Lair (8/8) D:11
  Swamp (3/4) Lair:5        Snake (3/4) Lair:4        Slime (0/6) Lair:7
    Orc (4/4) D:12            Elf (3/3) Orc:3        Vaults (0/5) D:14
 Depths (0/5) D:15

Altars:
Ashenzari
Cheibriados
Dithmenos
Elyvilon
Fedhas
Gozag
Kikubaaqudgha
Makhleb
Nemelex Xobeh
Okawaru
Qazlal
Ru
Sif Muna
Trog
Vehumet
Xom
Yredelemnul
Zin
The Shining One
Beogh

Shops:
D:4 (   D:5 *   D:6 }   D:8 =   D:9 %   D:15 ?(?   Orc:1 :   Orc:4 }[([

Portals:
Hell: Lair:8
Trove: Elf:3 (give +4 fire dragon armour)

Annotations:
D:5 1 runed door
Elf:2 3 runed doors


Message History

Use which ability? (? or * to list)
Press: ? - help, Shift-Dir - straight line, p - deep elf blademaster You breathe a blast of fire!
The fiery breath misses the deep elf blademaster.
You feel somewhat more hungry.
The deep elf blademaster is engulfed in roaring flames.
The deep elf blademaster hits you with a rapier!
The deep elf blademaster hits you with a rapier!!
Unknown command.
You completely miss the deep elf blademaster.
The deep elf blademaster is severely wounded.
The deep elf blademaster is engulfed in roaring flames.
You block the deep elf blademaster's attack.
The deep elf blademaster hits you with a rapier!
The deep elf blademaster is engulfed in roaring flames.
The deep elf blademaster hits you with a rapier! x2
A deep elf master archer comes into view.
Casting: Bolt of Magma
Confirm with . or Enter, or press ? or * to list all spells.
Aiming: Bolt of Magma
Press: ? - help, Shift-Dir - straight line, f - deep elf blademaster
Aim: a deep elf blademaster, wielding two rapiers and wearing a faintly glowing chain mail (flame, almost dead)
The bolt of magma hits the deep elf blademaster.
You kill the deep elf blademaster!
The bolt of magma misses the deep elf master archer.
The deep elf master archer wields a longbow.
The deep elf master archer shoots an arrow.
The arrow hits you.
The deep elf master archer shoots an arrow.
You reflect the arrow off your +1 shield of reflection!
The arrow barely misses the deep elf master archer.
Casting: Bolt of Magma
Confirm with . or Enter, or press ? or * to list all spells.
Aiming: Bolt of Magma
Press: ? - help, Shift-Dir - straight line, f - deep elf master archer
Aim: a deep elf master archer, wielding a longbow and wearing a leather armour (blue smoke)
The bolt of magma misses the deep elf master archer.
The deep elf master archer shoots an arrow.
The arrow hits you!!!
You die...

You could see a deep elf master archer.

Vanquished Creatures
  Saint Roka (Orc:4)
  A lich (Abyss:2)
  2 deep elf blademasters (Elf:3)
  A deep elf master archer (Elf:3)
  4 tentacled starspawn (Abyss:2)
  Gastronok (D:8)
  A thorn hunter (Swamp:3)
  An azure jelly (Lair:8)
  A greater naga (Snake:2)
  Donald (Swamp:3)
  8 deep elf sorcerers
  Aizul (Swamp:3)
  Louise (Snake:2)
  The ghost of Medar the Martial Artist, a powerful DgTm (Lair:7)
  7 deep elf demonologists
  4 deep elf annihilators (Elf:3)
  Azrael (D:15)
  A white draconian (Abyss:2)
  2 dire elephants (Lair:8)
  A blizzard demon (Abyss:2)
  2 deep elf death magi
  Josephine (Lair:7)
  5 deep elf high priests
  An ogre mage (D:15)
  Harold (D:12)
  23 hydras
  Erolcha (D:8)
  6 naga warriors
  3 centaur warriors
  A rakshasa (D:15)
  A ghost crab (Swamp:1)
  7 anacondas
  The ghost of bohran the Geomancer, a powerful GrEE of Vehumet (Orc:2)
  2 dancing weapons (Elf:2)
  9 alligators
  7 death yaks
  11 shock serpents
  8 naga sharpshooters
  Urug (D:15)
  The ghost of Uberwunderbarhen the Nimble, an experienced OpFi of Cheibriados (D:9)
  A fire crab (Lair:8)
  A soul eater (Abyss:2)
  3 thrashing horrors
  A hell hog (Abyss:2)
  An orc high priest (Elf:2)
  Sonja (Lair:3)
  9 deep elf knights
  2 wretched stars (Abyss:2)
  3 salamander mystics
  4 naga ritualists
  A spatial maelstrom (Abyss:2)
  3 spriggan druids
  6 deep elf summoners
  3 unseen horrors
  3 starcursed masses (Abyss:2)
  3 wizards
  A swamp dragon (Swamp:3)
  2 hill giants
  4 necromancers
  A shadow demon (Abyss:2)
  8 mana vipers
  16 deep elf conjurers
  4 orc knights
  A worldbinder (Abyss:1)
  A fire giant zombie (Abyss:2)
  9 salamanders
  8 oklob plants
  3 cyclopes
  A hornet (Swamp:3)
  4 manticores
  5 orc sorcerers
  2 sixfirhies (Lair:8)
  14 naga magi
  31 black mambas
  Maurice (D:8)
  5 elephants
  7 guardian serpents
  15 spiny frogs
  4 orange demons (Lair:8)
  A gargoyle (D:11)
  A smoke demon (Lair:8)
  A spiny frog (shapeshifter) (Elf:3)
  9 komodo dragons
  A tormentor (Abyss:2)
  3 kobold demonologists
  5 ancient zymes
  A tengu conjurer (D:15)
  2 hellwings
  3 red devils (Lair:8)
  8 deep elf priests
  2 giant leeches
  2 blue devils (Lair:8)
  4 trolls
  17 polar bears
  2 fire drakes
  A ynoxinul (Abyss:2)
  4 bog bodies
  26 blink frogs
  4 two-headed ogres
  A trapdoor spider zombie (D:11)
  6 small abominations
  A redback (shapeshifter) (Abyss:2)
  A tarantella (shapeshifter) (D:15)
  A shapeshifter (Lair:6)
  4 fire elementals
  A wyvern (Lair:7)
  5 wraiths
  79 yaks
  23 deep elf magi
  6 shadows
  3 basilisks
  10 large abominations
  2 neqoxecs (Abyss:2)
  Eustachio (D:4)
  7 spriggans
  A golden eye (Lair:7)
  3 hungry ghosts
  2 vampires
  23 wolves
  19 deep elf fighters
  11 hippogriffs
  20 vampire mosquitoes
  Menkaure (D:4)
  2 mottled dragons
  34 nagas
  A soldier ant (D:5)
  10 insubstantial wisps (Swamp:2)
  15 swamp worms
  A warg (Orc:4)
  2 spatial vortices (Lair:4)
  2 hell hounds
  11 water moccasins
  15 porcupines
  5 wasps
  33 orc warriors
  5 ice beasts
  2 swamp drakes
  12 ogres
  A tengu (shapeshifter) (Lair:8)
  7 necrophages
  6 sky beasts
  19 crocodiles
  4 big kobolds
  2 elf zombies (Elf:1)
  14 centaurs
  A brain worm (D:12)
  16 giant frogs
  The ghost of Nanako the Ducker, an average FeVM (D:6)
  A water moccasin skeleton (D:8)
  11 scorpions
  A troll skeleton (D:10)
  3 killer bees (D:11)
  2 spriggan skeletons (D:10)
  3 wights (D:11)
  2 centaur zombies (Ossuary)
  3 human zombies (Ossuary)
  2 electric eels (Lair:8)
  A giant frog skeleton (D:4)
  A quasit (Abyss:3)
  2 jellies
  A giant frog zombie (D:11)
  13 crimson imps
  5 hounds
  2 gnoll shamans
  26 orc priests
  Ijyb (D:2)
  12 iguanas
  An iron imp (D:7)
  Terence (D:2)
  8 centaur skeletons
  11 worker ants
  Natasha (thrice) (D:4)
  27 orc wizards
  14 sheep
  2 big kobold zombies (Ossuary)
  A hound zombie (D:9)
  4 mummies
  4 scorpion zombies (Ossuary)
  A worker ant zombie (D:10)
  13 adders
  12 gnolls
  2 shadow imps
  52 river rats
  3 ufetubi
  2 adder zombies (D:5)
  3 worms
  6 giant geckos
  180 orcs
  10 giant cockroaches
  6 goblins
  3 hobgoblins
  25 jackals
  29 kobolds
  9 quokkas
  2 ball pythons
  A ball python skeleton (D:4)
  16 bats
  2 giant gecko skeletons
  3 giant newts
  2 goblin zombies (Ossuary)
  2 hobgoblin zombies (Ossuary)
  2 jackal zombies
  An orc zombie (Ossuary)
  11 rats
  2 rat zombies (D:6)
  2 crawling corpses (Elf:1)
  3 fungi
  A lurking horror (Abyss:2)
  13 plants
  2 starspawn tentacles (Abyss:2)
1463 creatures vanquished.

Vanquished Creatures (collateral kills)
  Rupert (Lair:4)
  Pikel (D:8)
  An orc sorcerer (Orc:3)
  An ugly thing (D:12)
  A black mamba (Snake:2)
  An ancient zyme (Abyss:2)
  The ghost of braks the Charlatan, an average OpAr of Fedhas (Ossuary)
  Sigmund (D:2)
  A spriggan (Swamp:2)
  2 vampire mosquitoes (D:12)
  A warg (Orc:3)
  3 slaves (D:8)
  5 orc warriors
  2 scorpions (Ossuary)
  4 orc priests
  A sheep (D:11)
  An adder (Orc:3)
  A river rat (D:11)
  20 orcs
  A goblin (D:3)
  A gnoll zombie (Ossuary)
  A hobgoblin zombie (Ossuary)
  A fungus (Lair:4)
53 creatures vanquished.

Vanquished Creatures (others)
  An eldritch tentacle (Abyss:2)
  A naga sharpshooter (Snake:2)
  3 deep elf knights
  A ball lightning (Elf:1)
  A deep elf priest (Elf:3)
  A deep elf mage (Elf:1)
  3 yaks (IceCv)
  3 wolves (IceCv)
  A scorpion (D:5)
  A killer bee (D:5)
  A gnoll (D:4)
  2 orcs
  A kobold zombie (Ossuary)
  3 bushes
  37 eldritch tentacle segments (Abyss:2)
  A fire vortex (Lair:5)
  77 fungi
  36 plants
  3 starspawn tentacles (Abyss:2)
  16 starspawn tentacle segments (Abyss:2)
  4 toadstools (D:1)
197 creatures vanquished.

Grand Total: 1713 creatures vanquished

Action                   |  1- 3 |  4- 6 |  7- 9 | 10-12 | 13-15 | 16-18 | 19-21 || total
-------------------------+-------+-------+-------+-------+-------+-------+-------++-------
Melee: Short sword       |   134 |   198 |   285 |       |   589 |   285 |       ||  1491
       Dagger            |       |       |   150 |  1132 |   231 |   251 |       ||  1764
       Blowgun           |       |       |       |     1 |       |       |       ||     1
       Flail             |       |       |       |       |       |    13 |     2 ||    15
 Fire: Blowgun           |       |    20 |   114 |   376 |    61 |    16 |       ||   587
Throw: Throwing net      |       |       |       |     1 |     3 |       |       ||     4
 Cast: Bolt of Magma     |       |       |       |    29 |   481 |   710 |    25 ||  1245
       Apportation       |       |       |       |       |       |     8 |       ||     8
       Blink             |       |       |       |       |       |     2 |       ||     2
Invok: Donate Gold       |       |       |       |       |       |     8 |       ||     8
       Sanctuary         |       |       |       |       |       |     1 |       ||     1
       Cure All Mutation |       |       |       |       |       |     1 |       ||     1
 Abil: Breathe Fire      |       |       |    18 |    71 |   112 |   173 |     8 ||   382
       Fly               |       |       |       |       |     1 |       |       ||     1
       Evoke Fog         |       |       |       |       |       |    21 |     3 ||    24
       Evoke Teleportati |       |       |       |       |       |     3 |       ||     3
Evoke: Wand              |       |       |       |     4 |       |     1 |       ||     5
       Stone of tremors  |       |       |       |       |     3 |     3 |       ||     6
       Deck              |       |       |       |       |     1 |     4 |       ||     5
  Use: Potion            |     2 |       |     3 |    12 |     6 |     6 |       ||    29
       Scroll            |     1 |       |    18 |    12 |    17 |    25 |       ||    73
 Stab: Petrifying        |     1 |       |     1 |       |     4 |     1 |       ||     7
       Sleeping          |     1 |     1 |     8 |    14 |     7 |     8 |       ||    39
       Paralysed         |       |     2 |     6 |       |     7 |     3 |       ||    18
       Confused          |       |     1 |     1 |     8 |     1 |     1 |       ||    12
       Distracted        |       |       |       |     7 |     4 |     1 |       ||    12
       Fleeing           |       |       |       |     1 |       |       |       ||     1
       Held in net/web   |       |       |       |       |     1 |       |       ||     1
       Petrified         |       |       |       |       |     1 |       |       ||     1
  Eat: Bread ration      |     1 |       |       |       |     1 |    14 |       ||    16
       Chunk             |       |     9 |    35 |    61 |   106 |    43 |       ||   254
       Pizza             |       |       |       |     2 |     2 |     2 |       ||     6
       Beef jerky        |       |       |       |     2 |     1 |     4 |       ||     7
       Fruit             |       |       |       |       |    13 |    19 |       ||    32
       Royal jelly       |       |       |       |       |     2 |       |       ||     2
       Meat ration       |       |       |       |       |     8 |     7 |       ||    15

Vault maps used:
D:1:      ldierk_water_garden
D:2:      first_bread, columned_hall_lemuel, uniq_terence, uniq_sigmund,
          uniq_iyjb
D:4:      serial_shops, shop, uniq_menkaure, uniq_natasha, uniq_eustachio
D:5:      lemuel_insect_pit, serial_shops, shop, trog_book
D:6:      minmay_temple_entry_purple_smoke, serial_shops, shop, enter_ossuary_4
D:7:      slow_altar_2
D:8:      serial_shops, nicolae_shop_crystal, uniq_erolcha, uniq_pikel,
          uniq_maurice, uniq_gastronok
D:9:      basic_altar, serial_shops, nicolae_shop_statue_plus
D:10:     spider_trap, hangedman_tell_no_tales
D:11:     minmay_lair_entry_grove, serial_undead, serial_undead_f,
          serial_undead_d, serial_undead_d, serial_undead_b,
          kennysheep_generic_room_13
D:12:     orc_0_dummy, uniq_harold
D:13:     eino_small_chamber_without_monster
D:14:     david_vaults_1, hangedman_decor_riveting
D:15:     grunt_enter_depths_magical_seal, hangedman_decor_lopped, serial_shops,
          nicolae_shop_waterfront, nicolae_shop_temple_entry_statues_fountains,
          shop, uniq_urug, uniq_azrael
Temple:   grunt_circular_temple_18
Lair:1:   infiniplex_staircase_pool_2
Lair:2:   minivault_27, roderic_batcave
Lair:3:   minmay_lair_oklob_tunnel, uniq_sonja
Lair:4:   guppyfry_snake_entry_island, nicolae_lair_grove_arrangements,
          grunt_megastairs_3, uniq_rupert
Lair:5:   minmay_swamp_entry_swarm
Lair:6:   boulder_quad_collide, roderic_lost_polar_bear
Lair:7:   minmay_slime_entry_oklob_open, fungi_pond_lemuel, uniq_josephine
Lair:8:   evil_forest, portal_ice_cave_entry_pillars_01, enter_volcano_2,
          serial_bayou_shore_a
Swamp:1:  hangedman_swamp_ruin_wall
Swamp:2:  nicolae_swamp_very_dense_foliage, uniq_aizul
Swamp:3:  evilmike_swamp_ruin_house_1, swamp_pool2, roderic_carrion_pond,
          uniq_donald
Snake:1:  grunt_ministairs_3, spider_trap
Snake:2:  lemuel_fruit_tree, serial_bayou_shore_b, uniq_louise
Snake:3:  grunt_ministairs_5, lightli_airlock
Orc:1:    serial_shops, shop, basic_altar
Orc:3:    basic_altar, nicolae_orc_pool_cavern, nicolae_orc_bridge_out,
          hangedman_feature_mirror
Orc:4:    grunt_orc_community_town_hall, grunt_orc_community_big_house_2,
          grunt_orc_community_big_house_2, grunt_orc_community_house_1,
          grunt_orc_community_house_1, grunt_orc_community_house_1,
          grunt_orc_community_house_2
Elf:1:    minmay_elf_necromancy, orc_legates
Elf:2:    lemuel_elevator
Elf:3:    elf_hall, enter_trove_2, hex_medium, uniq_asterion, uniq_jorgrun,
          uniq_saint_roka
Abyss:2:  kilobyte_mutagenic_chamber
Abyss:3:  evilmike_abyss_rune_shrine
Ossuary:  ossuary_minmay_scorpions
IceCv:    ice_cave_caverns_03
